 Dungeon Crawl Stone Soup version 0.17.2-1-ge4368a0 (webtiles) character file.

1768 Goblin1989 the Basher (level 8, -8/62 HPs)
             Began as a Demonspawn Chaos Knight on Aug 28, 2017.
             Mangled by an orc warrior
             ... wielding a +0 trident
              (13 damage)
             ... on level 7 of the Dungeon.
             The game lasted 00:31:21 (8165 turns).

Goblin1989 the Basher (Demonspawn Chaos Knight)     Turns: 8165, Time: 00:31:21

Health: -8/62      AC:  6    Str: 15 (16) XL:     8   Next: 80%
Magic:  8/8        EV: 12    Int: 11      God:    Xom [..*...]
Gold:   310        SH:  0    Dex: 12 (14) Spells: 0 memorised, 7 levels left

rFire  . . .     SeeInvis .     w - +0 morningstar
rCold  . . .     Clarity  .     i - +2 leather armour
rNeg   . . .     SustAt   .     (no shield)
rPois  .         Gourm    .     (helmet restricted)
rElec  .         Spirit   .     (no cloak)
rCorr  .         Warding  .     k - +0 pair of gloves
rMut   .         Rnd*Tele +     f - +0 pair of boots
MR     .....                    (no amulet)
Stlth  +++.......               n - +2 ring of strength
                                x - ring of stealth

@: marked, not resistant to hostile enchantments, fairly stealthy
A: horns 1, deformed body, demonic guardian 1, deterioration 1, dopey 1,
nightstalker 1, teleportitis 1
a: Renounce Religion


You were on level 7 of the Dungeon.
You worshipped Xom.
You were a toy of Xom.
You were very hungry.

You visited 1 branch of the dungeon, and saw 7 of its levels.
You also visited: Sewer.

You collected 310 gold pieces.

Inventory:

Hand Weapons
 a - a +0 mace of chaos
 b - a +0 whip
 r - a +0 hunting sling
 w - a +0 morningstar (weapon)
 C - a +0 shortbow
Missiles
 g - 20 bolts
 h - 10 tomahawks (quivered)
 j - 155 stones
 m - 98 arrows
 s - 34 sling bullets
 v - 17 bolts of flame
 G - 4 curare-tipped needles
Armour
 f - a +0 pair of boots (worn)
 i - a +2 leather armour (worn)
 k - a +0 pair of gloves (worn)
 t - a +0 plate armour
 E - a +0 leather armour of fire resistance
Jewellery
 c - a +3 ring of intelligence
 n - a +2 ring of strength (right hand)
 x - a ring of stealth (left hand)
Wands
 L - a wand of lightning (0)
Scrolls
 y - 2 scrolls of remove curse {@r2}
 H - a scroll of noise {unknown}
 I - a scroll of recharging {unknown}
 M - a scroll of magic mapping
 R - 2 scrolls of identify {@r1}
 T - 2 scrolls of teleportation {@r3, !r}
Potions
 d - 2 potions of brilliance
 o - a potion of magic
 p - a potion of curing {@q1}
 u - a potion of agility
 z - a potion of berserk rage
 F - a potion of might {unknown}
Comestibles
 e - 4 bread rations {@e1}
 l - 2 meat rations {@e2}
 q - 5 fruits
 A - 2 beef jerkies
 B - a slice of pizza
 D - 10 royal jellies


   Skills:
 + Level 5.1 Fighting
 * Level 9.4 Maces & Flails
 - Level 3.3 Armour
 + Level 2.2 Dodging


You had 7 spell levels left.
You didn't know any spells.

Dungeon Overview and Level Annotations

Branches:
Dungeon (7/15)             Temple (0/1) D:5

Altars:

Annotations:
D:4 exclusion: Dowan, Dowan, Duvessa, Menkaure


Innate Abilities, Weirdness & Mutations

You have a pair of small horns on your head.
A weak demonic guardian rushes to your aid.
You are slightly more attuned to the shadows.
Armour fits poorly on your strangely shaped body.
Your body sometimes deteriorates upon taking damage.
You are dopey. (Int -2)
You are occasionally teleported next to monsters.


Message History

No target in view!
No target in view!
No target in view!
No target in view!
No target in view!
No target in view!
No target in view!
No target in view!
You see here a leather armour.
Done exploring.
Health restored: 61 Done exploring.
(D) Dungeon (T) Temple
Where to? (Enter - D:6, ? - help)
There is a stone staircase leading down here.
You climb downwards.
There is a stone staircase leading up here.
G - 4 curare-tipped needles
Found a stone staircase leading down.
H - a scroll labeled FODINWADEY No target in view!
e - 4 bread rations {@e1} (gained 1)
Found a stone staircase leading down.
I - a scroll labeled HOTIPLAFAP
j - 155 stones (gained 19)
The alarm trap emits a blaring wail!
A sentinel's mark forms upon you.
You hear a shout! x9
You hear a shout!
You are feeling very hungry.
You hear a shout!
Unknown command.
Unknown command.
An adder comes into view.
A quokka comes into view.
You puncture the adder! Your headbutt misses the adder.
The adder is almost dead.
The adder closely misses you. The adder barely misses you.
You puncture the adder!
You kill the adder!
You barely miss the quokka.
The quokka bites you but does no damage.
The quokka bites you.
You take 1 damage, and have 60/61 hp.
You closely miss the quokka. The quokka misses you.
You barely miss the quokka. The quokka closely misses you.
An ogre and a skeleton come into view.
You hit the quokka. Your headbutt misses the quokka.
The quokka is lightly wounded.
The quokka barely misses you.
Health restored: 61 You sock the quokka!
You kill the quokka!
The wyvern skeleton bites you.
You take 5 damage, and have 56/61 hp.
You sock the wyvern skeleton! The wyvern skeleton barely misses you.
You sock the wyvern skeleton! The wyvern skeleton barely misses you.
You thump the wyvern skeleton!
You destroy the wyvern skeleton!
Your Dodging skill increases to level 2!
You feel your strength returning.
You thump the ogre! You headbutt the ogre.
The ogre is heavily wounded.
The ogre completely misses you.
An orc warrior comes into view. It is wielding a trident.
You sock the ogre!
The ogre is almost dead.
The ogre hits you with a giant club!
You take 7 damage, and have 50/61 hp.
You hit the ogre.
You kill the ogre!
Your Fighting skill increases to level 5!
The orc warrior hits you from afar with a trident.
An orc comes into view. It is wielding a falchion.
You take 5 damage, and have 45/62 hp.
The orc warrior hits you with a trident!
Your body deteriorates!
You feel weakened.
An orc priest comes into view. It is wielding a flail.
Things that are here:
a giant club; an ogre corpse; a quokka corpse You take 16 damage, and have 29/62 hp.
O_OOPS!!
MASSIVE DAMAGE!!
You barely miss the orc warrior.
You headbutt the orc warrior, but do no damage.
The orc warrior closely misses you.
The orc priest moves out of view.
You hit the orc warrior but do no damage.
Your headbutt misses the orc warrior.
The orc warrior hits you with a trident.
* * * LOW HITPOINT WARNING * * *
You take 4 damage, and have 25/62 hp.
You closely miss the orc warrior.
The orc warrior hits you with a trident!!
* * * LOW HITPOINT WARNING * * *
Your body deteriorates!
You feel clumsy.
You take 20 damage, and have 5/62 hp.
O_OOPS!!
MASSIVE DAMAGE!!
You swap places.
Your quasit barely misses the orc warrior.
Your quasit claws the orc warrior but does no damage. x2
The orc warrior hits you from afar with a trident!
You die...
Xom titters! ██.. ...█ ███ ...██ ... ...█ ██ lo█ █o█

█5█ █@█
█.████████████████
█.................


██████████████████ You could see an orc warrior, an orc, a giant gecko and a
friendly quasit.

Vanquished Creatures
  The ghost of asdu the Chopper, an amateur DDWn (D:5)
  3 orc warriors (D:6)
  2 ogres
  A centaur (D:5)
  A black bear (D:6)
  A wyvern zombie (D:6)
  A wyvern skeleton (D:7)
  The ghost of asdu the Ruffian, a weakling VSMo (D:6)
  2 crimson imps (D:5)
  A giant frog skeleton (D:6)
  A hound (D:4)
  2 jellies (D:5)
  An orc wizard (D:6)
  3 orc priests
  2 worker ants
  13 adders
  3 oozes
  An adder zombie (D:3)
  2 worms (D:2)
  7 giant geckos
  24 orcs
  5 ball pythons
  5 giant cockroaches
  7 goblins
  3 hobgoblins
  12 jackals
  3 quokkas
  7 bats
  9 giant newts
  A jackal skeleton (D:6)
  15 kobolds
  A quokka zombie (D:6)
  8 rats
149 creatures vanquished.

Vanquished Creatures (collateral kills)
  A centaur (D:5)
  A sky beast (D:6)
  2 ogres
  An adder (D:6)
  3 orcs
  A giant cockroach (D:6)
9 creatures vanquished.

Grand Total: 158 creatures vanquished

Notes
Turn   | Place    | Note
--------------------------------------------------------------
     0 | D:1      | Goblin1989 the Demonspawn Chaos Knight began the quest for the Orb.
     0 | D:1      | Reached XP level 1. HP: 18/18 MP: 1/1
   182 | D:1      | XOM: silly message
   232 | D:1      | XOM: colour smoke trail
   252 | D:1      | p0werm0de: bet combo ya
   252 | D:1      | Gained mutation: You have a pair of small horns on your head. [demonic ancestry]
   252 | D:1      | Reached XP level 2. HP: 24/24 MP: 2/2
   255 | D:1      | p0werm0de: but needs AXE
   255 | D:1      | Goblin1989: no
   255 | D:1      | Goblin1989: goblin1989 = maces :P
   261 | D:1      | p0werm0de: fail
   280 | D:1      | Goblin1989: $
   280 | D:1      | Goblin1989: ;)
   591 | D:1      | XOM: cast spell 'Summon Butterflies'
   737 | D:2      | Gained mutation: A weak demonic guardian rushes to your aid. [demonic ancestry]
   737 | D:2      | Reached XP level 3. HP: 19/29 MP: 3/3
   907 | D:2      | XOM: harmless Chrm miscast
   945 | D:2      | Reached skill level 4 in Maces & Flails
  1404 | D:2      | XOM: mild Hex miscast
  1469 | D:2      | Reached XP level 4. HP: 26/35 MP: 4/4
  1692 | D:2      | XOM: silly message
  2090 | D:3      | XOM: silly message
  2163 | D:3      | Found a faded altar to an unknown god.
  2367 | D:3      | Reached skill level 5 in Maces & Flails
  2389 | D:3      | XOM: colour smoke trail
  2850 | D:4      | Noticed Menkaure
  2996 | D:4      | XOM: divination: magic mapping
  3040 | D:4      | Gained mutation: You are slightly more attuned to the shadows. [demonic ancestry]
  3040 | D:4      | Reached XP level 5. HP: 10/41 MP: 5/5
  3287 | D:4      | Noticed an ogre
  3295 | D:4      | Killed an ogre
  3412 | D:4      | Found a glowing drain.
  3422 | Sewer    | Entered a sewer
  3617 | Sewer    | XOM: cast spell 'Blink'
  3836 | Sewer    | Reached skill level 6 in Maces & Flails
  3881 | Sewer    | XOM: colour smoke trail
  4433 | D:4      | Reached XP level 6. HP: 35/47 MP: 6/6
  4437 | D:4      | Noticed Duvessa
  4437 | D:4      | Noticed Dowan
  4477 | D:5      | Entered Level 5 of the Dungeon
  4661 | D:5      | XOM: 5-stop teleportation journey
  4753 | D:5      | Noticed asdu's ghost (amateur DDWn)
  4790 | D:5      | Killed asdu's ghost
  4790 | D:5      | Reached skill level 7 in Maces & Flails
  5001 | D:5      | Found a staircase to the Ecumenical Temple.
  5081 | D:5      | XOM: 2-stop teleportation journey
  5129 | D:5      | Reached XP level 7. HP: 52/52 MP: 7/7
  5222 | D:5      | XOM: give mutations
  5222 | D:5      | Gained mutation: You are occasionally teleported next to monsters. [Xom's mischief]
  5222 | D:5      | Gained mutation: Your body sometimes deteriorates upon taking damage. [Xom's mischief]
  5222 | D:5      | Gained mutation: You are dopey. (Int -2) [Xom's mischief]
  5222 | D:5      | Gained mutation: Armour fits poorly on your strangely shaped body. [Xom's mischief]
  5395 | D:6      | XOM: god gift: 11 royal jellies
  5539 | D:5      | XOM: colour smoke trail
  5639 | D:5      | HP: 1/52 [centaur (5)]
  5951 | D:5      | Reached skill level 8 in Maces & Flails
  6312 | D:6      | Reached XP level 8. HP: 28/60 MP: 8/8
  6650 | D:6      | XOM: mild Ice miscast
  6657 | D:6      | XOM: blink monster(s)
  6660 | D:6      | XOM: potion effect (might)
  6733 | D:6      | XOM: summons 2 friendly demons
  6855 | D:6      | Noticed asdu's ghost (weakling VSMo)
  6886 | D:6      | Killed asdu's ghost
  7041 | D:6      | Reached skill level 1 in Dodging
  7348 | D:5      | XOM: mild Necr miscast
  7514 | D:6      | Reached skill level 9 in Maces & Flails
  7841 | D:6      | XOM: divination: detect creatures
  8160 | D:7      | Reached skill level 5 in Fighting
  8165 | D:7      | Mangled by an orc warrior

Action                   |  1- 3 |  4- 6 |  7- 9 || total
-------------------------+-------+-------+-------++-------
Melee: Mace              |    47 |       |       ||    47
       Whip              |    58 |   348 |       ||   406
       Morningstar       |       |       |   177 ||   177
 Fire: Shortbow          |       |       |     3 ||     3
Throw: Stone             |       |       |     2 ||     2
Evoke: Wand              |       |       |     1 ||     1
  Use: Scroll            |     3 |     4 |     2 ||     9
       Potion            |       |     5 |     1 ||     6
 Stab: Sleeping          |     3 |     9 |     4 ||    16
       Distracted        |       |       |     1 ||     1
  Eat: Chunk             |     2 |    11 |     4 ||    17
       Bread ration      |       |       |     1 ||     1
       Royal jelly       |       |       |     1 ||     1

Vault maps used:
D:1:      minmay_arrival_glassed_features
D:2:      first_bread, roderic_greek_sauvastika
D:3:      ecumenical_altar_2
D:4:      portal_sewer_entry_d, serial_shops,
          nicolae_shop_competitors_out_of_business, small_statue_intersection,
          uniq_grinder, uniq_menkaure, uniq_eustachio, uniq_duvessa
D:5:      minmay_temple_entry_butterflies
Sewer:    sewer_co_scattered_pipes
